 Dungeon Crawl Stone Soup version 0.30-b1-2-g02819fbbbe (webtiles) character file.

Game seed: 3748287114957299123

248058 raph the Spry (level 18, -4/166 HPs)
             Began as a Minotaur Fighter on Oct 11, 2023.
             Was a High Priest of Okawaru.
             Slain by a white very ugly thing (26 damage)
             ... on level 1 of the Vaults.
             The game lasted 00:52:01 (34607 turns).

raph the Spry (Minotaur Fighter)                   Turns: 34607, Time: 00:52:02

Health: -4/166     AC: 30    Str: 24    XL:     18   Next: 84%
Magic:  26/26      EV: 33    Int:  5    God:    Okawaru [*****.]
Gold:   2684       SH: 24    Dex: 18    Spells: 17/17 levels left

rFire   . . .        a - +7 double sword (freeze)
rCold   + . .        G - +2 tower shield {rPois}
rNeg    . . .        J - +7 Kryia's mail coat {PotionHeal*2 rC+}
rPois   +            q - +2 hood of the Assassin {Detect Stab+ Stlth++}
rElec   .            X - +0 cloak {rCorr}
rCorr   +            W - +2 pair of gloves {Dex+3}
SInv    .            j - +2 pair of boots {rampage}
Will    +....        y - amulet of regeneration
Stlth   ++++++       F - ring of the Hare {EV+10}
HPRegen 1.27/turn    R - +4 ring of slaying
MPRegen 0.20/turn

%: rampage
@: heroic
A: horns 2, retaliatory headbutt
}: 2/15 runes: decaying, gossamer
a: Renounce Religion, Heroism, Finesse, Duel


You were on level 1 of the Vaults.
You worshipped Okawaru.
Okawaru was extremely pleased with you.
You visited 6 branches of the dungeon, and saw 31 of its levels.
You also visited: Ossuary, Gauntlet and Volcano.

You collected 3757 gold pieces.
You spent 1073 gold pieces at shops.

Inventory:

Hand Weapons
 a - a +7 double sword of freezing (weapon)
 b - a +2 scimitar of flaming
Missiles
 n - 10 curare-tipped darts (quivered)
 s - 38 poisoned darts
 t - 3 throwing nets
 v - 11 boomerangs
 P - 17 javelins
Armour
 j - a +2 pair of boots of rampaging (worn)
 q - the +2 hood of the Assassin (worn) {Detect Stab+ Stlth++}
   (You found it on level 15 of the Dungeon)

   Detect:    It allows the wearer to sense nearby creatures.
   Stab+:     It allows the wearer to make particularly effective stabbing
   attacks against helpless or unaware enemies with any weapon.
   Stlth:     It makes you much more stealthy.
 D - a +0 pair of boots of flying
 G - a +2 tower shield of poison resistance (worn)
 J - the +7 Kryia's mail coat (worn) {PotionHeal*2 rC+}
   (Okawaru gifted it to you on level 1 of the Lair of Beasts)

   PotionHeal*2: Potions heal its wearer twice as much.
   rC:        It protects you from cold.
 W - a +2 pair of gloves of dexterity (worn)
 X - a +0 cloak of preservation (worn)
Jewellery
 y - an amulet of regeneration (around neck)
 F - the ring of the Hare (left hand) {EV+10}
   (You acquired it on level 8 of the Dungeon)

   [ring of evasion]

   EV:        It affects your evasion (+10).
 R - a +4 ring of slaying (right hand)
 V - a ring of ice
 Y - a +6 ring of strength
 Z - the amulet "Anyenut" {Acrobat Int+2}
   (You bought it in a shop on level 2 of the Orcish Mines)

   [amulet of the acrobat]

   It increases your evasion while moving and waiting.
   Int:       It affects your intelligence (+2).
Wands
 u - a wand of flame (39)
 K - a wand of mindburst (35)
 N - a wand of acid (19)
 Q - a wand of digging (8)
Scrolls
 e - 13 scrolls of teleportation
 f - 27 scrolls of identify
 g - 4 scrolls of magic mapping
 i - 6 scrolls of vulnerability
 k - 5 scrolls of immolation
 x - 2 scrolls of silence
 A - 9 scrolls of amnesia
 B - a scroll of brand weapon
 E - 5 scrolls of poison
 H - 4 scrolls of blinking
 I - 4 scrolls of fog
 O - 4 scrolls of fear
Potions
 d - 5 potions of might
 h - 14 potions of curing
 l - 3 potions of brilliance
 m - 7 potions of heal wounds
 o - 8 potions of mutation
 p - 6 potions of ambrosia
 r - 3 potions of resistance
 w - 7 potions of cancellation
 z - 4 potions of flight
 L - a potion of invisibility
 M - 6 potions of haste
Miscellaneous
 c - a condenser vane
 C - a lightning rod (3/4)
 S - a phial of floods


   Skills:
 + Level 16.2(21.2) Fighting
 - Level 16.0(21.0) Long Blades
 + Level 12.2(17.2) Throwing
 + Level 16.1(21.1) Armour
 + Level 17.3(22.3) Dodging
 + Level 6.7(11.7) Stealth
 * Level 15.2(20.2) Shields
 - Level 12.5 Invocations
 - Level 7.4 Evocations


You had 17 spell levels left.
You didn't know any spells.
Your spell library contained the following spells:

 Spells                   Type           Power      Damage    Failure   Level
 Beastly Appendage        Tmut           0%         N/A       82%         1
 Foxfire                  Conj/Fire      0%         2x1d4     82%         1
 Necrotise                Necr           0%         1d4       82%         1
 Sting                    Tmut/Pois      0%         1d3       82%         1
 Cigotuvi's Dreadful Rot  Necr/Pois/Air  0%         N/A       91%         2
 Ensorcelled Hibernation  Hex/Ice        0%         N/A       91%         2
 Lesser Beckoning         Tloc           0%         N/A       91%         2
 Passwall                 Tmut/Erth      0%         N/A       91%         2
 Poisonous Vapours        Pois/Air       0%         N/A       91%         2
 Scorch                   Fire           0%         2d5       91%         2
 Sublimation of Blood     Necr           0%         N/A       91%         2
 Wereblood                Tmut           0%         N/A       91%         2
 Frozen Ramparts          Ice            0%         1d1       99%         3
 Gell's Gravitas          Tloc           0%         N/A       99%         3
 Inner Flame              Hex/Fire       0%         N/A       99%         3
 Spider Form              Tmut/Pois      0%         N/A       99%         3
 Swiftness                Air            0%         N/A       99%         3
 Teleport Other           Tloc           0%         N/A       99%         3
 Vampiric Draining        Necr           0%         2d6       99%         3
 Volatile Blastmotes      Fire/Tloc      0%         2d10      99%         3
 Cause Fear               Hex            0%         N/A       100%        4
 Flame Wave               Conj/Fire      0%         2d4       100%        4
 Fulminant Prism          Conj/Hex       0%         3d5       100%        4
 Ice Form                 Ice/Tmut       0%         N/A       100%        4
 Iskenderun's Mystic Bla  Conj/Tloc      0%         2d3       100%        4
 Manifold Assault         Tloc           0%         N/A       100%        4
 Olgreb's Toxic Radiance  Pois           0%         N/A       100%        4
 Passage of Golubria      Tloc           0%         N/A       100%        4
 Sticky Flame             Conj/Fire      0%         2d3       100%        4
 Agony                    Necr           0%         N/A       100%        5
 Alistair's Intoxication  Tmut/Pois      0%         N/A       100%        5
 Blade Hands              Tmut           0%         N/A       100%        5
 Borgnjor's Vile Clutch   Necr/Erth      0%         N/A       100%        5
 Fireball                 Conj/Fire      0%         3d3       100%        5
 Irradiate                Conj/Tmut      0%         3d11      100%        5
 Lee's Rapid Deconstruct  Erth           0%         3d4*      100%        5
 Silence                  Hex/Air        0%         N/A       100%        5
 Yara's Violent Unravell  Hex/Tmut       0%         3d3       100%        5
 Conjure Ball Lightning   Conj/Air       0%         3x3d6     100%        6
 Dispersal                Tloc           0%         N/A       100%        6
 Plasma Beam              Fire/Air       0%         2x1d11    100%        6
 Starburst                Conj/Fire      0%         6d3       100%        6
 Statue Form              Tmut/Erth      0%         N/A       100%        6
 Dragon Form              Tmut           0%         N/A       100%        7
 Storm Form               Tmut/Air       0%         N/A       100%        7
 Discord                  Hex            0%         N/A       100%        8
 Disjunction              Tloc           0%         N/A       100%        8
 Ignition                 Fire           0%         3d3       100%        8
 Lehudib's Crystal Spear  Conj/Erth      0%         10d2      100%        8
 Maxwell's Capacitive Co  Air            0%         ∞         100%        8
 Necromutation            Tmut/Necr      0%         N/A       100%        8
 Tukima's Dance           Hex            Unusable   N/A       N/A         3
 Animate Dead             Necr           Unusable   N/A       N/A         4
 Summon Ice Beast         Ice/Summ       Unusable   N/A       N/A         4
 Summon Lightning Spire   Summ/Air       Unusable   N/A       N/A         4
 Death Channel            Necr           Unusable   N/A       N/A         6
 Summon Cactus Giant      Summ           Unusable   N/A       N/A         6
 Dragon's Call            Summ           Unusable   N/A       N/A         9

Dungeon Overview and Level Annotations

Branches:
Dungeon (15/15)            Temple (0/1) D:4            Lair (5/5) D:10
  Swamp (4/4) Lair:3       Spider (4/4) Lair:2        Slime (0/5) Lair:5
    Orc (2/2) D:9             Elf (0/3) Orc:2        Vaults (1/5) D:14
 Depths (0/4) D:15        Ossuary (visited)         Volcano (visited)
Gauntlet (visited)

Altars:
Ashenzari
Cheibriados
Fedhas
Gozag
Kikubaaqudgha
Nemelex Xobeh
Okawaru
Trog
Uskayaw
Wu Jian
Xom
Zin

Shops:
D:3 (   D:8 !   Orc:2 ([!=   Vaults:1 (

Portals:
Trove: Vaults:1 (give 5 potions of resistance)

Annotations:
D:7 2 transporters, Vorhees's ghost, novice DjWr


Innate Abilities, Weirdness & Mutations

You have a pair of horns on your head.
You reflexively headbutt those who attack you in melee.


Message History

You block the red very ugly thing's attack.
Something completely misses you.
The ironbound frostheart calls freezing cold from the walls.
The frost grips you! You resist. The cyan very ugly thing misses you.
You slash the cyan very ugly thing! You freeze the cyan very ugly thing.
You kill the cyan very ugly thing!
Okawaru accepts your kill.
You block the white very ugly thing's attack.
The lindwurm breathes flames at you. The blast of flame misses you.
The blast of flame misses the red very ugly thing.
Something hits you but does no damage.
The red very ugly thing completely misses you.
The ironbound frostheart calls freezing cold from the walls.
The frost grips you but does no damage.
You slice the lindwurm!! You freeze the lindwurm!
The lindwurm is severely wounded.
You block something's attack.
You block the white very ugly thing's attack.
The lindwurm breathes flames at you. The blast of flame hits you.
The blast of flame hits something!!
Reactivating autopickup.
The ironbound frostheart dissolves into shadows!
The lindwurm dissolves into shadows! x3
You block the red very ugly thing's attack.
The white very ugly thing attacks as you move away!
The white very ugly thing gores you!
* * * LOW HITPOINT WARNING * * *
The white very ugly thing freezes you! You resist.
* * * LOW HITPOINT WARNING * * *
The ice encasing you melts away.
The red very ugly thing closely misses you.
You furiously retaliate!
You headbutt the red very ugly thing!
There is an open door, spattered with blood here.
You slash the red very ugly thing! You freeze the red very ugly thing.
The red very ugly thing is moderately wounded.
The white very ugly thing gores you!
* * * LOW HITPOINT WARNING * * *
The white very ugly thing freezes you!! You resist.
You die...

..## #..### #.
#+#####+##### ##'#####'
#.....?.....# #........
#...........# #........
#...........# #........
#.......!...# #........
#...........# #........
#(..(.uu....# #........
#######@########+#######
#...#..)....#.......#
#...#...>...#.......#
#.#.#.#.#.#.#...#...#
#...))..#.......#...#
#.......#.......#...#
######'#######++#'#########
#...........##......# #...#
#.....#.....##......# #...#


You could see 2 very ugly things.

Vanquished Creatures
  Nikola (Swamp:2)
  Mlioglotl (Swamp:1)
  Asterion (Vaults:1)
  Gastronok (Lair:2)
  A kraken (Swamp:1)
  Frances (D:14)
  A thorn hunter (Swamp:3)
  A tengu reaver (Vaults:1)
  Roxanne (Swamp:1)
  A fire giant (Vaults:1)
  A fenstrider witch (Swamp:3)
  8 emperor scorpions
  A vault warden (Vaults:1)
  A broodmother (Spider:1)
  A very ugly thing (Vaults:1)
  An ironbound preserver (Vaults:1)
  An ironbound thunderhulk (Vaults:1)
  A red draconian (Volcano)
  4 eleionomae
  3 bunyips
  A dire elephant (D:15)
  3 spark wasps (Spider:4)
  A minotaur (Gauntlet)
  Snorg (D:13)
  An ettin (Orc:2)
  A shambling mangrove (Swamp:4)
  8 entropy weavers
  A fire dragon (Lair:5)
  A yaktaur captain (Vaults:1)
  Josephine (D:15)
  A great orb of eyes (Vaults:1)
  Fannar (D:11)
  4 ghost crabs
  19 hydras
  2 jorogumos
  An ogre mage (Orc:1)
  3 radroaches
  An anaconda (Lair:5)
  2 ironbound frosthearts (Vaults:1)
  A catoblepas (Lair:1)
  11 boulder beetles
  7 two-headed ogres
  6 centaur warriors
  2 dancing weapons (D:14)
  Erica (D:8)
  9 alligators
  3 tengu warriors
  A death yak (Lair:5)
  A deep troll earth mage (Vaults:1)
  A death scarab (Gauntlet)
  5 orc high priests (Orc:2)
  Urug (Lair:2)
  2 skysharks
  2 sun moths (Spider:4)
  5 skeletal warriors (D:13)
  2 bunyip zombies (Swamp:3)
  6 goliath frogs
  4 spriggan druids
  9 orb spiders
  7 pharaoh ants
  2 death drakes
  3 deep trolls (Vaults:1)
  4 bog bodies
  A spectral hydra (Gauntlet)
  10 swamp dragons
  5 bunyip skeletons (Swamp:3)
  A phantasmal warrior (Vaults:1)
  A wizard (Vaults:1)
  A spriggan simulacrum (Swamp:3)
  4 ironbound convokers (Vaults:1)
  5 lindwurms
  7 steelbarb worms
  4 deep elf pyromancers
  A necromancer (Gauntlet)
  8 orc knights
  18 wolf spiders
  2 orc sorcerers (Orc:1)
  4 cyclopes
  7 will-o-the-wisps
  13 ugly things
  6 manticores
  6 elephants
  A spectral centaur (Gauntlet)
  A centaur zombie (Gauntlet)
  14 demonic crawlers
  2 vault sentinels (Vaults:1)
  2 molten gargoyles (Lair:5)
  7 moths of wrath
  6 black mambas
  Joseph (D:7)
  9 cane toads
  4 torpor snails
  An efreet (D:15)
  An unseen horror (D:11)
  4 yaktaurs
  A freezing wraith (D:15)
  A tengu conjurer (D:13)
  11 komodo dragons
  6 polar bears
  5 trolls
  A wolf spider simulacrum (D:15)
  18 hornets
  8 meliai
  A hornet (shapeshifter) (D:15)
  20 tarantellas
  10 tyrant leeches
  24 blink frogs
  11 dream sheep
  24 culicivoras
  Sigmund (D:2)
  37 jumping spiders
  3 shadows
  12 slime creatures
  2 vampires
  16 spriggans
  7 wraiths
  5 steam dragons
  64 yaks
  11 wyverns
  Grum (D:11)
  76 redbacks
  9 basilisks
  Menkaure (D:7)
  18 swamp worms
  6 vampire mosquitoes
  An acid dragon (D:9)
  Edmund (D:5)
  2 wargs (Orc:1)
  11 water moccasins
  Duvessa (D:5)
  4 hell hounds (Lair:5)
  2 hornet zombies (Swamp:3)
  2 ice beasts
  A spectral hornet (Gauntlet)
  28 orc warriors
  4 sky beasts
  5 swamp drakes
  2 black bears
  8 ogres
  13 wolves
  4 boggarts (Vaults:1)
  8 centaurs
  3 phantoms
  5 kobold brigands
  Blork the orc (D:5)
  11 bullfrogs
  A gnoll sergeant (D:6)
  6 scorpions
  Dowan (D:5)
  4 wights
  5 killer bees (D:10)
  A troll zombie (D:9)
  3 electric eels
  9 howler monkeys
  5 lava snakes (Lair:5)
  A gnoll bouda (D:9)
  6 hounds
  14 jellies
  21 orc priests
  Crazy Yiuf (D:5)
  2 sleepcaps
  Ijyb (D:4)
  A boggart zombie (Gauntlet)
  An iguana (D:5)
  16 orc wizards
  5 ogre zombies (D:9)
  8 mummies (Ossuary)
  9 adders
  17 gnolls
  A shadow imp (D:5)
  3 worms
  5 dart slugs
  66 orcs
  7 endoplasms
  3 giant cockroaches
  8 goblins
  A hobgoblin (D:2)
  10 jackals
  3 quokkas
  8 ball pythons
  3 bats
  A frilled lizard (D:3)
  2 goblin skeletons (D:9)
  A goblin zombie (D:9)
  5 hobgoblin zombies
  10 kobolds
  3 kobold zombies (Ossuary)
  2 orc skeletons (D:9)
  14 orc zombies
  3 rats (D:1)
  2 briar patches (Swamp:3)
  4 tentacles (Swamp:1)
1167 creatures vanquished.

Vanquished Creatures (others)
  A bog body (Swamp:2)
  2 yaktaurs
  A bloated husk (Swamp:4)
  A swamp worm (Swamp:3)
  A boggart (Vaults:1)
  A briar patch (Swamp:3)
  27 foxfires
  14 fungi
  16 plants
  3 tentacles (Swamp:1)
67 creatures vanquished.

Grand Total: 1234 creatures vanquished

Notes
Turn   | Place    | Note
-------+----------+-------------------------------------------
     0 | D:1      | raph the Minotaur Fighter began the quest for the Orb.
     0 | D:1      | Reached XP level 1. HP: 19/19 MP: 0/0
   298 | D:1      | Reached XP level 2. HP: 26/26 MP: 1/1
   571 | D:1      | Reached XP level 3. HP: 31/31 MP: 2/2
   679 | D:2      | Found an iron altar of Okawaru.
   718 | D:2      | Identified a scroll of acquirement
   718 | D:2      | Acquired a +3 antimagic double sword
   839 | D:2      | Noticed Sigmund
   843 | D:2      | Killed Sigmund
   844 | D:2      | Reached XP level 4. HP: 39/39 MP: 1/3
   844 | D:2      | Reached XP level 5. HP: 45/45 MP: 1/4
  1322 | D:3      | Found Ippih's Weapon Shop.
  1393 | D:3      | Found a snail-covered altar of Cheibriados.
  1550 | D:3      | Reached XP level 6. HP: 51/51 MP: 1/5
  1888 | D:3      | Found a faded altar of an unknown god.
  1932 | D:4      | Noticed Ijyb
  1938 | D:4      | Killed Ijyb
  2136 | D:4      | Found an iron altar of Okawaru.
  2180 | D:4      | Became a worshipper of Warmaster Okawaru
  2428 | D:4      | Found an opulent altar of Gozag.
  2607 | D:4      | Found a staircase to the Ecumenical Temple.
  2614 | D:4      | Found an ornate altar of the Wu Jian Council.
  2949 | D:5      | Entered Level 5 of the Dungeon
  3026 | D:5      | Reached XP level 7. HP: 57/57 MP: 6/6
  3208 | D:5      | Noticed Blork the orc
  3222 | D:5      | Killed Blork the orc
  3223 | D:5      | Reached skill level 10 in Long Blades
  3323 | D:5      | Noticed Duvessa
  3323 | D:5      | Noticed Dowan
  3326 | D:5      | Killed Dowan
  3330 | D:5      | Killed Duvessa
  3330 | D:5      | Reached * piety under Okawaru
  3617 | D:5      | Found a hide-covered altar of Uskayaw.
  3630 | D:5      | Noticed Edmund
  3633 | D:5      | Reached XP level 8. HP: 66/66 MP: 7/7
  3641 | D:5      | Killed Edmund
  3853 | D:5      | Found a runed translucent door.
  3854 | D:5      | Noticed Crazy Yiuf
  3863 | D:5      | Killed Crazy Yiuf
  3864 | D:5      | Reached skill level 1 in Dodging
  3998 | D:6      | Reached skill level 1 in Invocations
  4257 | D:6      | Reached ** piety under Okawaru
  4258 | D:6      | Reached skill level 2 in Dodging
  4522 | D:6      | Reached XP level 9. HP: 68/73 MP: 9/9
  4656 | D:6      | Found a sparkling altar of Nemelex Xobeh.
  4889 | D:7      | Reached skill level 5 in Armour
  4904 | D:7      | Reached skill level 5 in Fighting
  5016 | D:7      | Reached skill level 3 in Dodging
  5053 | D:7      | Found a sand-covered staircase.
  5064 | Ossuary  | Entered an ossuary
  5479 | D:7      | Noticed a moth of wrath
  5480 | D:7      | Noticed Vorhees's ghost (novice DjWr)
  5489 | D:7      | Found a bloodstained altar of Trog.
  5534 | D:7      | Found a transporter.
  5599 | D:7      | Noticed Menkaure
  5600 | D:7      | Noticed Joseph
  5606 | D:7      | Killed Menkaure
  5614 | D:7      | Killed Joseph
  5614 | D:7      | Reached *** piety under Okawaru
  5709 | D:7      | Found a transporter.
  5983 | D:8      | Noticed Erica
  5994 | D:8      | Killed Erica
  5995 | D:8      | Reached skill level 4 in Dodging
  6061 | D:8      | Found an ancient bone altar of Kikubaaqudgha.
  6379 | D:8      | Reached XP level 10. HP: 76/83 MP: 12/12
  6605 | D:8      | Acquired the ring of the Hare {EV+10}
  6605 | D:8      | Found the ring of the Hare {EV+10}
  6626 | D:8      | Found Arol's Distillery.
  6629 | D:8      | Noticed a two-headed ogre
  6636 | D:8      | Killed a two-headed ogre
  6636 | D:8      | Reached **** piety under Okawaru
  6639 | D:8      | Bought a potion of heal wounds for 50 gold pieces
  6639 | D:8      | Bought a potion of heal wounds for 50 gold pieces
  6726 | D:8      | Found a shimmering altar of Xom.
  6733 | D:8      | Found a broken altar of Ashenzari.
  6779 | D:8      | Found a blossoming altar of Fedhas.
  6967 | D:9      | Reached skill level 5 in Dodging
  7077 | D:9      | Found a staircase to the Orcish Mines.
  7297 | D:9      | Reached skill level 5 in Invocations
  7315 | D:9      | Found a glowing silver altar of Zin.
  7421 | D:9      | Noticed a two-headed ogre
  7454 | D:9      | Reached ***** piety under Okawaru
  7464 | D:9      | Killed a two-headed ogre
  7474 | D:9      | Reached skill level 6 in Dodging
  7502 | D:9      | Noticed a centaur warrior
  7508 | D:9      | Killed a centaur warrior
  7509 | D:9      | Reached XP level 11. HP: 82/93 MP: 14/14
  7618 | D:9      | Noticed a two-headed ogre
  7626 | D:9      | Killed a two-headed ogre
  7767 | D:9      | Reached skill level 1 in Throwing
  8109 | D:10     | Entered Level 10 of the Dungeon
  8167 | D:10     | Reached skill level 15 in Long Blades
  8187 | D:10     | Found a staircase to the Lair.
  8834 | D:10     | Received a gift from Okawaru
  8883 | D:10     | Reached skill level 7 in Dodging
  9446 | Lair:1   | Entered Level 1 of the Lair of Beasts
  9614 | Lair:1   | Noticed a catoblepas
  9617 | Lair:1   | Reached XP level 12. HP: 99/104 MP: 16/16
  9643 | Lair:1   | Killed a catoblepas
  9643 | Lair:1   | Received a gift from Okawaru
  9643 | Lair:1   | Reached ****** piety under Okawaru
  9643 | Lair:1   | Found the +7 Kryia's mail coat {PotionHeal*2 rC+}
  9718 | Lair:1   | Found a dark tunnel.
  9761 | Volcano  | Entered a volcano
  9777 | Volcano  | Noticed a centaur warrior
  9780 | Volcano  | Found a bloodstained altar of Trog.
  9781 | Volcano  | Noticed a red draconian
  9795 | Volcano  | Killed a centaur warrior
  9831 | Volcano  | Killed a red draconian
 10227 | Lair:1   | Reached skill level 8 in Dodging
 10435 | Lair:1   | Reached skill level 1 in Evocations
 10573 | Lair:1   | Reached skill level 10 in Armour
 10826 | Lair:2   | Found a hole to the Spider Nest.
 10957 | Lair:2   | Noticed Urug
 10970 | Lair:2   | Killed Urug
 10971 | Lair:2   | Reached skill level 10 in Fighting
 10971 | Lair:2   | Reached skill level 5 in Throwing
 11199 | Lair:2   | Noticed Gastronok
 11223 | Lair:2   | Killed Gastronok
 11223 | Lair:2   | Received a gift from Okawaru
 11494 | Lair:3   | Found a staircase to the Swamp.
 11614 | Lair:3   | Received a gift from Okawaru
 11849 | Lair:3   | Reached XP level 13. HP: 114/114 MP: 18/18
 11914 | Lair:3   | Received a gift from Okawaru
 11931 | Lair:3   | Reached skill level 9 in Dodging
 12408 | Lair:4   | Received a gift from Okawaru
 12555 | Lair:4   | Identified the +0 flail of Conformity {freeze, rF+ rC+ rN+
                  | Will+}
 12795 | Lair:4   | Received a gift from Okawaru
 13459 | Lair:5   | Entered Level 5 of the Lair of Beasts
 13581 | Lair:5   | Received a gift from Okawaru
 14092 | Lair:5   | Found a staircase to the Slime Pits.
 14126 | Lair:5   | Received a gift from Okawaru
 14241 | Lair:5   | Reached skill level 10 in Dodging
 14561 | Lair:5   | Reached skill level 5 in Evocations
 14699 | Lair:5   | Reached XP level 14. HP: 111/125 MP: 20/20
 14919 | Lair:5   | Found a large runed translucent door.
 14920 | Lair:5   | Found a large runed translucent door.
 16271 | D:11     | Found a gate leading to a gauntlet.
 16271 | D:11     | Noticed Fannar
 16293 | D:11     | Killed Fannar
 16293 | D:11     | Received a gift from Okawaru
 16316 | Gauntlet | Entered a Gauntlet
 16316 | Gauntlet | Found the +5 demon whip "Spellbinder" {antimagic, disrupt,
                  | Will+}
 16316 | Gauntlet | Found a transporter.
 16316 | Gauntlet | Found a transporter.
 16336 | Gauntlet | Found a transporter.
 16338 | Gauntlet | Found a transporter.
 16350 | Gauntlet | Found a transporter.
 16360 | Gauntlet | Found a transporter.
 16381 | Gauntlet | Found a transporter.
 16386 | Gauntlet | Found a transporter.
 16390 | Gauntlet | Found a transporter.
 16405 | Gauntlet | Found a transporter.
 16405 | Gauntlet | Found a transporter.
 16448 | Gauntlet | Found a transporter.
 16669 | Gauntlet | Identified the +0 chain mail of Azxi {Harm rN+ rCorr}
 16697 | Gauntlet | Reached skill level 10 in Invocations
 16862 | Gauntlet | Identified the +5 scale mail of the Dungeon {Rampage rN+
                  | Str+4}
 16874 | Gauntlet | Received a gift from Okawaru
 16917 | Gauntlet | Identified the +0 pair of boots of Happy Babbling {Harm rC+
                  | Str+2}
 16917 | Gauntlet | Identified the staff of air "Taecoil" {rElec Int+3}
 17064 | D:11     | Acquired a manual of Dodging
 17411 | D:11     | Identified the +2 war axe "Hell-Harrower" {heavy, rElec
                  | SInv}
 17429 | D:11     | Noticed Grum
 17443 | D:11     | Killed Grum
 17706 | Orc:1    | Entered Level 1 of the Orcish Mines
 17719 | Orc:1    | Reached skill level 11 in Dodging
 17892 | Orc:1    | Received a gift from Okawaru
 18122 | Orc:1    | You fall into a shaft and drop 1 floor!
 18122 | Orc:2    | Entered Level 2 of the Orcish Mines
 18769 | Orc:2    | Found a staircase to the Elven Halls.
 19025 | Orc:2    | HP: 4/127 [orc knight/+2 war axe (16)]
 19027 | Orc:2    | Found Geesh's Weapon Emporium.
 19335 | Orc:2    | Reached skill level 5 in Shields
 19400 | Orc:2    | Reached XP level 15. HP: 134/134 MP: 21/21
 19573 | Orc:2    | Reached skill level 12 in Dodging
 19628 | Orc:2    | Found Ofidaufi's Armour Emporium.
 19629 | Orc:2    | Found Ridoc's Distillery.
 19629 | Orc:2    | Found Vuvowe's Jewellery Emporium.
 19637 | Orc:2    | Bought a potion of heal wounds for 75 gold pieces
 19637 | Orc:2    | Bought a potion of heal wounds for 75 gold pieces
 19637 | Orc:2    | Bought a potion of heal wounds for 75 gold pieces
 19637 | Orc:2    | Bought a potion of berserk rage for 75 gold pieces
 19641 | Orc:2    | Bought the amulet "Anyenut" {Acrobat Int+2} for 535 gold
                  | pieces
 21658 | D:13     | Received a gift from Okawaru
 22010 | D:13     | Noticed Snorg
 22019 | D:13     | Killed Snorg
 22294 | D:14     | Noticed Frances
 22301 | D:14     | Killed Frances
 22773 | D:14     | Found a gate to the Vaults.
 22840 | D:15     | Entered Level 15 of the Dungeon
 23104 | D:15     | Found the +2 hood of the Assassin {Detect Stab+ Stlth++}
 23111 | D:15     | Found a staircase to the Depths.
 23114 | D:15     | Reached skill level 13 in Dodging
 23117 | D:15     | Noticed an emperor scorpion
 23136 | D:15     | Killed an emperor scorpion
 23377 | D:15     | Noticed Josephine
 23387 | D:15     | Killed Josephine
 24000 | Swamp:1  | Entered Level 1 of the Swamp
 24180 | Orc:2    | Bought a +0 pair of boots of flying for 138 gold pieces
 24443 | Swamp:1  | Noticed Mlioglotl
 24452 | Swamp:1  | Noticed a profane servitor
 24455 | Swamp:1  | Killed Mlioglotl
 24509 | Swamp:1  | Identified Roxanne's Reference Book on Vicissitude
 24509 | Swamp:1  | Noticed Roxanne
 24548 | Swamp:1  | Killed Roxanne
 24680 | Swamp:1  | Reached XP level 16. HP: 145/145 MP: 23/23
 24715 | Swamp:1  | Received a gift from Okawaru
 25039 | Swamp:1  | Noticed a kraken
 25058 | Swamp:1  | Killed a kraken
 25613 | Swamp:2  | Reached skill level 10 in Throwing
 25613 | Swamp:2  | Reached skill level 1 in Stealth
 25921 | Swamp:2  | Reached skill level 14 in Dodging
 25921 | Swamp:2  | Reached skill level 10 in Shields
 26073 | Swamp:2  | Noticed Nikola
 26103 | Swamp:2  | Killed Nikola
 26103 | Swamp:2  | Identified the +0 robe of the Trees {Stlth+} (Okawaru
                  | gifted it to you on level 2 of the Swamp)
 26103 | Swamp:2  | Received a gift from Okawaru
 26177 | Swamp:2  | Identified the +8 arbalest of Purpose {drain, rPois rF-
                  | Int+8}
 26495 | Swamp:3  | Noticed a thorn hunter
 26835 | Swamp:3  | Killed a thorn hunter
 27422 | Swamp:3  | Found an ancient bone altar of Kikubaaqudgha.
 27467 | Swamp:3  | Got the Secrets of the Beginning
 27616 | Swamp:4  | Entered Level 4 of the Swamp
 27617 | Swamp:4  | Identified the +6 dagger of Luhail {heavy, MP+9 Stlth+}
 27623 | Swamp:4  | Received a gift from Okawaru
 27701 | Swamp:4  | Received a gift from Okawaru
 27920 | Swamp:4  | Received a gift from Okawaru
 27924 | Swamp:4  | Reached XP level 17. HP: 139/154 MP: 18/25
 27964 | Swamp:4  | Reached skill level 15 in Dodging
 28219 | Swamp:4  | Got a decaying rune of Zot
 28562 | Swamp:4  | Identified the +2 buckler "Zeos" {rPois Str-4 Int+3 Dex+5}
                  | (Okawaru gifted it to you on level 4 of the Swamp)
 28562 | Swamp:4  | Received a gift from Okawaru
 28967 | Spider:1 | Entered Level 1 of the Spider Nest
 29243 | Spider:1 | Reached skill level 15 in Fighting
 29295 | Spider:1 | Reached skill level 15 in Armour
 30104 | Spider:2 | Identified the +2 falchion of Superiority {flame, rN+
                  | Str+3} (Okawaru gifted it to you on level 2 of the Spider
                  | Nest)
 30104 | Spider:2 | Received a gift from Okawaru
 30376 | Spider:2 | Reached skill level 5 in Stealth
 30385 | Spider:2 | Reached skill level 16 in Dodging
 31343 | Spider:3 | Reached XP level 18. HP: 163/163 MP: 26/26
 31349 | Spider:3 | Identified the +5 chain mail of Pabbat {+Inv rC+ Int+2}
                  | (Okawaru gifted it to you on level 3 of the Spider Nest)
 31349 | Spider:3 | Received a gift from Okawaru
 32021 | Spider:4 | Entered Level 4 of the Spider Nest
 33170 | Spider:4 | Received a gift from Okawaru
 33224 | Spider:4 | Got a gossamer rune of Zot
 33240 | Spider:4 | Reached skill level 17 in Dodging
 33247 | Spider:4 | Identified the +1 hat "Begivih" {Fly rPois Str-3 Dex-3}
 33598 | Vaults:1 | Entered Level 1 of the Vaults
 33896 | Vaults:1 | Reached skill level 15 in Shields
 33910 | Vaults:1 | Received a gift from Okawaru
 33974 | Vaults:1 | Found Ziep's Antique Weapon Shop.
 34032 | Vaults:1 | Identified the ring "Tonwipu" {Fly Dex+3}
 34051 | Vaults:1 | Found a portal to a secret trove of treasure.
 34251 | Vaults:1 | Received a gift from Okawaru
 34408 | Vaults:1 | Identified the +2 kite shield of Zaboive {rC++}
 34408 | Vaults:1 | Noticed Asterion
 34413 | Vaults:1 | Killed Asterion
 34607 | Vaults:1 | Slain by a white very ugly thing

Illustrated notes

Levels and vault maps discovered:
D:1:      tarquinn_simple_flora_water_a, layout_basic, minmay_pentomino_z4
D:2:      layout_rooms, basic_altar, uniq_sigmund
D:3:      layout_loops_cross, lemuel_coloured_pillars_altar, serial_shops,
          nicolae_shop_real_fake_doors, shapermc_ecumenical_altar_mp_vishouse
D:4:      cheibrodos_quashed, layout_cave_pools, okawaru_trees_1,
          nicolae_wu_jian_wuxing_cycle, mainiacjoe_overflow_brackets,
          minmay_temple_entry_statues, uniq_ijyb
D:5:      layout_basic, amcnicky_altar_gilded, uniq_duvessa, uniq_edmund,
          uniq_crazy_yiuf_cottage, uniq_blork_the_orc
D:6:      layout_cave_pools, mainiacjoe_overflow_six_doors_small
D:7:      layout_loops_corners, enter_ossuary_1,
          gammafunk_ghost_wrathful_warriors, uniq_menkaure, uniq_joseph
D:8:      layout_basic, nicolae_overflow_hidden_temple,
          nicolae_kikubaaqudgha_miasma_corner, old_standard_altar,
          grunt_temple_overflow_open, serial_shops, shop, uniq_erica
D:9:      kennysheep_windowed_halls, layout_rooms, mainiacjoe_overflow_24_doors,
          zombieorc1_lemuel, nrook_campfire
D:10:     layout_irregular_city, erik_lair_island, minivault_10,
          minmay_fractal_squares_5
D:11:     layout_small_grid, gauntlet_entry_generic, uniq_grum, uniq_fannar
D:12:     layout_basic
D:13:     layout_basic, uniq_snorg
D:14:     layout_rooms, erik_vaults_1, kennysheep_another_room, uniq_frances
D:15:     hangedman_depths_entry_try_elsewhere_first, layout_grid_maze,
          uniq_josephine
Lair:1:   layout_roguey, nicolae_volcano_entry_two_sided, serial_bayou_shore_a,
          infiniplex_staircase_pool_2
Lair:2:   layout_misc_corridors, spider_nest_entry_web_field, uniq_urug,
          uniq_gastronok
Lair:3:   layout_big_grid, minmay_swamp_entry_worms,
          chequers_serial_rivers_room_b, st_stairs_10
Lair:4:   dpeg_oklob_shooting_range, layout_gridlike
Lair:5:   cheibrodos_lair_end_hotspot, layout_loops_ring,
          minmay_slime_entry_jelly_boxes, chequers_serial_rivers_room_b,
          nicolae_lair_lakeside_cave, lemuel_fruit_tree
Swamp:1:  layout_basic_swamp, nicolae_swamp_some_circles, swamp_pool4,
          nicolae_swamp_thats_no_hydra, infiniplex_staircase_pool, uniq_roxanne,
          uniq_mlioglotl
Swamp:2:  layout_basic_swamp, evilmike_swamp_ruin_rubble_2, uniq_nikola
Swamp:3:  layout_falls_marsh, evilmike_swamp_ruin_house_3, swamp_pool1,
          beargit_kiku_chapel
Swamp:4:  swamp_alternative, layout_basic_swamp, swamp_pool1,
          nzn_swamp_dancing_lights
Spider:1: layout_spider_delve, drop_trap, hellmonk_test_site
Spider:2: layout_chambers, spiders_nest_spider_trap
Spider:3: layout_spider_delve
Spider:4: hellmonk_spider_rune_bug_friends, nicolae_spider_checkerboard
Orc:1:    layout_caves
Orc:2:    st_orc_pillars, layout_caves
Vaults:1: hangedman_vaults_trim, vaults_mumra_chevron, hangedman_vaults_cutoff,
          nicolae_vaults_shipping_containers_5, v_misc_24,
          ontoclasm_vaults_ring_large, v_misc_28,
          nicolae_vaults_hexular_roomagon, nicolae_vaults_inception_corners,
          grunt_vaults_funnel, nicolae_vaults_six-pack,
          nicolae_vaults_tangram_1, vaults_room_stairs_pillars,
          vaults_dpeg_diagonal, layout_vaults_maze_bifur,
          nicolae_trove_entry_crystal, serial_shops,
          nicolae_shop_tiny_statue_garden, uniq_asterion

Skill      XL: |  1  2  3  4  5  6  7  8  9 10 11 12 13 14 15 16 17 18 |
---------------+-------------------------------------------------------+-----
Long Blades    | 3 4 7 9 11 12 13 14 15 16 | 16.0
Dodging        | 2 4 6 7 8 10 11 13 14 16 17 | 17.3
Fighting       | 4 6 7 9 10 11 12 13 14 15 16 | 16.2
Armour         | 4 6 7 9 10 11 12 13 14 15 16 | 16.1
Shields        | 4 5 8 11 13 15 | 15.2
Invocations    | 2 4 5 6 8 9 10 11 12 | 12.5
Throwing       | 3 5 7 8 9 10 11 12 | 12.2
Evocations     | 2 5 6 7 |  7.4
Stealth        | 3 5 6 |  6.7

Action                     |  1- 3 |  4- 6 |  7- 9 | 10-12 | 13-15 | 16-18 || total
---------------------------+-------+-------+-------+-------+-------+-------++-------
  Melee: Long sword        |    61 |       |       |       |       |       ||    61
         Headbutt          |     6 |    14 |    27 |   101 |   296 |   361 ||   805
         Double sword      |     7 |   114 |   174 |   521 |  1120 |  1290 ||  3226
         Scimitar          |       |       |       |       |    30 |    41 ||    71
  Throw: Dart              |     3 |     1 |     5 |     4 |       |     4 ||    17
         Boomerang         |       |       |     5 |    11 |    50 |    34 ||   100
         Javelin           |       |       |       |       |       |     9 ||     9
 Invoke: Heroism           |       |       |     2 |     5 |    11 |    10 ||    28
         Finesse           |       |       |       |     2 |     3 |     3 ||     8
  Evoke: Wand              |       |       |       |       |     1 |       ||     1
         Lightning rod     |       |       |       |       |       |     1 ||     1
    Use: Scroll            |     9 |     8 |     7 |    10 |     8 |     5 ||    47
         Potion            |       |       |     2 |     4 |     5 |     1 ||    12
   Stab: Sleeping          |       |       |       |       |       |    41 ||    41
         Distracted        |       |       |       |       |       |     3 ||     3
 Armour: Scale mail        |    30 |    48 |     5 |    28 |   210 |   270 ||   591
         Chain mail        |       |       |    53 |    69 |       |       ||   122
  Dodge: Dodged            |    31 |    48 |    48 |   348 |   880 |  1120 ||  2475
  Block: Buckler           |    14 |    27 |    27 |   106 |   201 |       ||   375
         Tower shield      |       |       |       |       |   287 |  1362 ||  1649
